 Dungeon Crawl Stone Soup version 0.29-a0-341-g24ffce5b50 (webtiles) character file.

Game seed: 545676598739193117

395 Querens the Conjurer (level 6, -1/32 HPs)
             Began as a Deep Elf Conjurer on Apr 20, 2022.
             Was a Follower of Vehumet.
             Slain by an orc
             ... wielding a +0 falchion
              (3 damage)
             ... on level 5 of the Dungeon.
             The game lasted 00:14:14 (1874 turns).

Querens the Conjurer (Deep Elf Conjurer)            Turns: 1874, Time: 00:14:15

Health: -1/32      AC:  3    Str:  4    XL:     6   Next: 52%
Magic:  2/17       EV: 11    Int: 25    God:    Vehumet [*.....]
Gold:   167        SH:  0    Dex: 13    Spells: 4/18 levels left

rFire   . . .      SeeInvis .   e - +0 short sword
rCold   . . .      Faith    .   (no shield)
rNeg    + . .      Spirit   .   c - +0 leather armour
rPois   .          Reflect  .   (no helmet)
rElec   .          Harm     .   (no cloak)
rCorr   .          Rampage  .   (no gloves)
Will    .....                   (no boots)
Stlth   ++........              (no amulet)
HPRegen 0.10/turn               h - ring of positive energy
MPRegen 0.15/turn               (no ring)

@: no status effects
A: no striking features
a: Renounce Religion


You were on level 5 of the Dungeon.
You worshipped Vehumet.
Vehumet was aware of your devotion.
You visited 1 branch of the dungeon, and saw 5 of its levels.

You collected 167 gold pieces.

Inventory:

Hand Weapons
 e - a +0 short sword (weapon)
Armour
 c - a +0 leather armour (worn)
Jewellery
 h - a ring of positive energy (left hand)
Scrolls
 a - a scroll of vulnerability {unknown}
 d - 6 scrolls of identify {unknown}
 f - a scroll of teleportation {unknown}
 i - 2 scrolls of fear {unknown}
 n - 2 scrolls of magic mapping {unknown}
 p - a scroll of noise {unknown}
 q - 3 scrolls of enchant armour {unknown}
 s - a scroll of blinking {unknown}
Potions
 b - a potion of magic
 g - 2 potions of heal wounds {unknown}
 j - a potion of attraction {unknown}
 k - a potion of mutation {unknown}
 l - a potion of haste {unknown}
 m - a potion of resistance {unknown}
 o - 3 potions of flight {unknown}
 r - a potion of degeneration {unknown}


   Skills:
 - Level 2.4 Dodging
 - Level 2.4 Stealth
 + Level 6.5 Spellcasting
 + Level 6.6 Conjurations
 + Level 2.4 Translocations


You had 4 spell levels left.
You knew the following spells:

 Your Spells              Type           Power      Damage    Failure   Level
a - Magic Dart            Conj           100%       1d8       1%          1
b - Searing Ray           Conj           82%        2d7       1%          2
c - Iskenderun's Mystic   Conj/Tloc      30%        2d8       21%         4
d - Fulminant Prism       Conj/Hex       12%        3d9       32%         4
e - Mephitic Cloud        Conj/Pois/Air  19%        N/A       16%         3

Your spell library contained the following spells:

 Spells                   Type           Power      Damage    Failure   Level
 Sandblast                Erth           16%        2d6       13%         1
 Dazzling Flash           Conj/Hex       48%        N/A       10%         3
 Call Imp                 Summ           8%         N/A       19%         2
 Corpse Rot               Necr/Air       16%        N/A       19%         2
 Poisonous Vapours        Pois/Air       16%        N/A       19%         2


Dungeon Overview and Level Annotations

Branches:
Dungeon (5/15)
 Temple: D:4-7

Altars:
Uskayaw
Vehumet

Shops:
D:1 *

Annotations:
D:4 1 runed translucent door, Morbidden's ghost, amateur TrWr


Message History

The orc priest calls down the wrath of Beogh upon you.
Beogh smites you!
* * * LOW HITPOINT WARNING * * *
Unknown command.
The searing ray hits the orc priest.
The orc priest is heavily wounded.
The searing ray hits the orc priest.
The orc priest is severely wounded.
You finish channelling your searing ray.
Casting: Searing Ray (safe; 1% risk of failure)
Confirm with . or Enter, or press ? or * to list all spells.
Aiming: Searing Ray (safe; 1% risk of failure)
Press: ? - help, Shift-Dir - straight line, f/p - orc priest
Aim: an orc priest, wielding a +0 morningstar and wearing a +0 scale mail (severely wounded, 84% to hit)
The searing ray misses the orc priest. (Press . to maintain the ray.)
The orc priest mumbles some strange prayers to Beogh against you.
You struggle to resist.
The searing ray hits the orc priest.
The orc priest is almost dead.
The orc priest misses you.
The searing ray hits the orc priest but does no damage.
The orc priest is almost dead.
The orc priest misses you.
The searing ray misses the orc priest.
You finish channelling your searing ray.
The orc priest looks encouraged for a moment.
Casting: Searing Ray (safe; 1% risk of failure)
Confirm with . or Enter, or press ? or * to list all spells.
Aiming: Searing Ray (safe; 1% risk of failure)
Press: ? - help, Shift-Dir - straight line, f - orc, p - orc priest
Aim: an orc, wielding a +0 falchion (82% to hit)
The searing ray hits the orc priest.
You kill the orc priest!
Vehumet accepts your kill.
The searing ray hits the orc.
The orc is severely wounded. (Press . to maintain the ray.)
The searing ray misses the orc.
The orc hits you with a +0 falchion.
You die...

.......<.#
....o....# ###...#
............ .#.#.
...............#...
.....[............
..O........o.....
..............#.#
........#.....#.#
......o@#
#....)##......+
#.... .####!# ....
## ... .. #


You could see 2 orcs.

Vanquished Creatures
  A hound (D:4)
  2 orc priests
  2 iguanas (D:4)
  An orc wizard (D:3)
  4 adders (D:4)
  8 gnolls
  An ufetubus (D:5)
  3 dart slugs
  A worm (D:2)
  7 orcs
  5 endoplasms
  7 giant cockroaches
  11 goblins
  10 hobgoblins
  7 jackals
  4 quokkas
  4 ball pythons
  6 bats
  6 frilled lizards
  6 kobolds
  7 rats
103 creatures vanquished.

Notes
Turn   | Place    | Note
-------+----------+-------------------------------------------
     0 | D:1      | Querens the Deep Elf Conjurer began the quest for the Orb.
     0 | D:1      | Reached XP level 1. HP: 10/10 MP: 6/6
   101 | D:1      | Reached XP level 2. HP: 15/15 MP: 0/8
   108 | D:1      | Learned a level 2 spell: Searing Ray
   250 | D:1      | Found a faded altar of an unknown god.
   319 | D:1      | Found Hyuloets's Assorted Antiques.
   338 | D:1      | Reached XP level 3. HP: 19/19 MP: 8/10
   352 | D:1      | Reached skill level 5 in Conjurations
   936 | D:3      | Reached XP level 4. HP: 24/24 MP: 9/12
   948 | D:3      | Reached skill level 5 in Spellcasting
  1129 | D:4      | Found a radiant altar of Vehumet.
  1139 | D:4      | Reached XP level 5. HP: 28/28 MP: 4/14
  1139 | D:4      | Became a worshipper of Vehumet
  1212 | D:4      | Learned a level 4 spell: Iskenderun's Mystic Blast
  1217 | D:4      | Learned a level 4 spell: Fulminant Prism
  1248 | D:4      | Learned a level 3 spell: Mephitic Cloud
  1251 | D:4      | Found a hide-covered altar of Uskayaw.
  1264 | D:4      | Identified the amulet "Qutetres" {Spirit Dex+2}
  1310 | D:4      | Reached skill level 1 in Translocations
  1433 | D:4      | Found a runed translucent door.
  1441 | D:4      | Noticed Morbidden's ghost (amateur TrWr)
  1551 | D:4      | Reached XP level 6. HP: 32/32 MP: 6/17
  1672 | D:5      | Entered Level 5 of the Dungeon
  1687 | D:5      | Reached * piety under Vehumet
  1687 | D:5      | Offered knowledge of Sandblast by Vehumet.
  1761 | D:4      | HP: 1/32 [orc/+0 club (3)]
  1866 | D:5      | HP: 1/32 [orc priest/divine providence (11)]
  1874 | D:5      | Slain by an orc

Illustrated notes

Levels and vault maps discovered:
D:1:      evilmike_arrival_crescent, layout_rooms,
          hellmonk_ecumenical_altar_inner_sanctum, serial_shops, shop
D:2:      layout_rooms, hex_intersection, minmay_tromino_v4_a
D:3:      layout_rooms
D:4:      layout_rooms, nicolae_uskayaw_dance_hall, lemuel_crystal_altar,
          ebering_ghost_sewer_d, kennysheep_donut
D:5:      layout_rooms, nicolae_overflow_hallway_of_the_gods,
          ebering_ghost_inner_flame, minmay_quadrilaterals, uniq_grinder,
          uniq_duvessa

Skill      XL: |  1  2  3  4  5  6 |
---------------+-------------------+-----
Spellcasting   | 4 5 6 |  6.5
Conjurations   | 5 6 |  6.6
Translocations | 1 2 |  2.4
Dodging        | |  2.4
Stealth        | |  2.4

Action                   |  1- 3 |  4- 6 || total
-------------------------+-------+-------++-------
Melee: Short sword       |    25 |    21 ||    46
       Unarmed           |     2 |       ||     2
 Cast: Magic Dart        |    51 |    21 ||    72
       Searing Ray       |    10 |    25 ||    35
  Use: Potion            |       |     2 ||     2
 Stab: Sleeping          |       |     1 ||     1
Armor: Leather armour    |    22 |    15 ||    37
Dodge: Dodged            |    54 |    30 ||    84

Table legend: (Time is in decaauts)
 A = Elapsed time spent in this place.
 B = Non-inter-level travel time spent in this place.
 C = Inter-level travel time spent in this place.
 D = Time resting spent in this place.
 E = Time spent auto-exploring this place.
 F = Levels seen in this place.
 G = Mean time per level.
                   A        B        C        D        E       F      G
               +--------+--------+--------+--------+--------+-----+--------+
         Total |   1880 |   1597 |    283 |      3 |      0 |   5 |  376.0 |
       Dungeon |   1880 |   1597 |    283 |      3 |      0 |   5 |  376.0 |
               +--------+--------+--------+--------+--------+-----+--------+

Top non-repeatable levels by time:
     D:4: 675 daAuts
     D:1: 451 daAuts
     D:3: 392 daAuts
     D:2: 313 daAuts
     D:5: 47 daAuts
